 Dungeon Crawl Stone Soup version 0.27.1-3-gb3d3a73c9e (webtiles) character file.

Game seed: 2029924933229432143

29 Descartes the Sneak (level 3, 0/17 HPs)
             Began as a Felid Delver on Oct 24, 2021.
             Was an Initiate of Elyvilon.
             Slain by a goblin (2 damage)
             ... on level 4 of the Dungeon.
             The game lasted 00:01:10 (235 turns).

Descartes the Sneak (Felid Delver)                   Turns: 235, Time: 00:01:10

Health: 0/17       AC:  1    Str:  9    XL:     3   Next: 1%
Magic:  4/4        EV: 18    Int: 11    God:    Elyvilon [......]
Gold:   36         SH:  0    Dex: 17    Spells: 2/2 levels left
                                        Lives:  0   Deaths: 0

rFire    . . .     SeeInvis +     - Unarmed
rCold    . . .     Faith    .   (shield unavailable)
rNeg     . . .     Spirit   .   (armour unavailable)
rPois    .         Reflect  .   (helmet unavailable)
rElec    .         Harm     .   (cloak unavailable)
rCorr    .         Rampage  .   (gloves unavailable)
Will     .....                  (boots unavailable)
Stlth    ++++......             (no amulet)
HPRegen  0.05/turn              (no ring)
MPRegen  0.09/turn              (no ring)

@: quick
A: very small, claws 1, fangs 3, see invisible, speed 1, shaggy fur 1, stealthy
paws, no weapons or thrown items, no armour, multi-lived
a: Renounce Religion


You were on level 4 of the Dungeon.
You worshipped Elyvilon.
Elyvilon was noncommittal.
You visited 2 branches of the dungeon, and saw 3 of its levels.

You collected 36 gold pieces.

Inventory:

Wands
 e - a wand of digging (3)
Scrolls
 a - a scroll of fog
 b - a scroll of magic mapping
 c - a scroll of fear
 g - a scroll of teleportation {unknown}
Potions
 d - a potion of haste
 f - a potion of mutation {unknown}
 h - a potion of curing {unknown}


   Skills:
 - Level 3.0 Fighting
 + Level 3.3 Dodging
 * Level 7.3 Stealth
 + Level 2.4 Unarmed Combat


You had 2 spell levels left.
You didn't know any spells.
Your spell library was empty.

Dungeon Overview and Level Annotations

Branches:
Dungeon (5/15)             Temple (1/1) D:5

Altars:
Ashenzari
Cheibriados
Elyvilon
Fedhas
Hepliaklqana
Kikubaaqudgha
Makhleb
Qazlal
Vehumet
Xom
The Shining One


Innate Abilities, Weirdness & Mutations

You have sharp claws.
You have razor-sharp teeth.
You have supernaturally acute eyesight. (SInv)
You cover ground quickly. (Speed+)
You are covered in fur. (AC +1)
Your paws help you pounce on unaware monsters.
You are incapable of wielding weapons or throwing items.
You cannot wear armour.
You gain extra lives every three experience levels.


Message History

As you open the door, it creaks loudly!
There is an open door here.
There is a stone staircase leading down here.
You open the door.
There is an open door here.
There is a stone staircase leading up here.
There is an open door here. 3 orcs and an orc wizard come into view.
The orc wizard shouts!
The orc shouts!
You hear a shout!
The orc wizard points at you and mumbles some strange words.
You resist with some effort.
There is an open door here.
There is an open door here.
There is a stone staircase leading up here.
You climb upwards.
There is a stone staircase leading down here.
A scorpion comes into view.
The scorpion stings you!
You open the door. The scorpion misses you.
There is an open door here.
You scratch the scorpion but do no damage.
The scorpion misses you.
You scratch the scorpion.
You bite the scorpion, but do no damage.
The scorpion is lightly wounded.
The scorpion misses you.
You scratch the scorpion.
The scorpion is moderately wounded.
The scorpion closely misses you.
You scratch the scorpion.
The scorpion is moderately wounded.
The scorpion stings you!
* * * LOW HITPOINT WARNING * * *
The scorpion barely misses you.
A quokka and a goblin come into view.
Found a fuming emerald potion.
The goblin shouts!
You barely miss the goblin. The goblin barely misses you.
The quokka completely misses you. The goblin hits you with a +0 club.
You die...

#. #. ######## #.
#......#
#####.######......#
...........'.....>#
##.....####......#
#.....# #......##
#...s.# #.......#
+...@g# #.......#
#..r..# #.......#
#.....# #.......#
#.....# #.......#
#.....# #.......#
#....!# #.......#
......# #.......#
#.......


You could see a scorpion, a quokka and a goblin.

Vanquished Creatures
  A hound (D:5)
1 creature vanquished.

Notes
Turn   | Place    | Note
-------+----------+-------------------------------------------
     0 | D:5      | Descartes the Felid Delver began the quest for the Orb.
     0 | D:5      | Reached XP level 1. HP: 10/10 MP: 2/2
    25 | D:5      | Noticed a hound
    28 | D:5      | Found a radiant altar of Vehumet.
    30 | D:5      | Killed a hound
    31 | D:5      | Reached skill level 7 in Stealth
    31 | D:5      | Reached XP level 2. HP: 14/14 MP: 3/3
    31 | D:5      | Reached XP level 3. HP: 17/17 MP: 4/4
   110 | D:5      | Found a staircase to the Ecumenical Temple.
   116 | Temple   | Entered the Ecumenical Temple
   160 | Temple   | Became a worshipper of Elyvilon the Healer
   213 | D:4      | Noticed a scorpion
   235 | D:4      | Slain by a goblin

Illustrated notes

Levels and vault maps discovered:
D:4:      layout_basic, feat_on_display, uniq_robin
D:5:      layout_loops_corners, led_sif_book, vehumet_crystals, temple_green
Temple:   eino_wide_crystal_templ

Skill      XL: |  1 |
---------------+----+-----
Dodging        | 3 |  3.3
Stealth        | 7 |  7.3
Fighting       | |  3.0
Unarmed Combat | |  2.4

Action                   || total
-------------------------++-------
Melee: Unarmed           ||     6
       Bite              ||     1
 Stab: Sleeping          ||     1
Dodge: Dodged            ||     7
